 Dungeon Crawl Stone Soup version 0.30-a0-748-ge6a52f7cba (webtiles) character file.

Game seed: 3464126197086367371

20 Esekla the Sneak (level 2, -4/21 HPs)
             Began as an Octopode Delver on Feb 8, 2023.
             Slain by a scorpion (7 damage)
             ... on level 5 of the Dungeon.
             The game lasted 00:02:14 (265 turns).

Esekla the Sneak (Octopode Delver)                   Turns: 265, Time: 00:02:14

Health: -4/21      AC:  1    Str: 11    XL:     2   Next: 79%
Magic:  2/2        EV: 13    Int: 12    God:
Gold:   49         SH:  0    Dex: 13    Spells: 1/1 levels left

rFire   . . .      SeeInvis .    a - +0 falchion
rCold   . . .      Faith    .    (no shield)
rNeg    . . .      Spirit   .    (helmet restricted)
rPois   .          Reflect  .    (no amulet)
rElec   .          Harm     .    (no ring)
rCorr   .          Rampage  .    (no ring)
Will    .....                    (no ring)
Stlth   ++++                     (no ring)
HPRegen 0.23/turn                (no ring)
MPRegen 0.08/turn                (no ring)
                                 (no ring)
                                 (no ring)

@: lethally poisoned (-4 -> -19), flying
A: almost no armour, amphibious, 8 rings, camouflage 1, gelatinous body 1,
(nimble swimmer 1), tentacles
a: no special abilities


You were on level 5 of the Dungeon.
You visited 1 branch of the dungeon, and saw 1 of its levels.

You collected 49 gold pieces.

Inventory:

Hand Weapons
 a - a +0 falchion (weapon)
 h - a +0 dagger
Missiles
 g - 4 poisoned darts (quivered)
Wands
 f - a wand of digging (3)
Scrolls
 b - a scroll of fog
 d - a scroll of fear
 i - a scroll of brand weapon {unknown}
Potions
 e - a potion of haste


   Skills:
 * Level 3.1 Fighting
 * Level 2.1 Long Blades
 * Level 2.1 Dodging
 + Level 7.2 Stealth
 * Level 0.1 Spellcasting


You had one spell level left.
You didn't know any spells.
Your spell library was empty.

Dungeon Overview and Level Annotations

Branches:
Dungeon (5/15)
 Temple: D:4-7

Altars:
Qazlal
Trog


Innate Abilities, Weirdness & Mutations

You cannot wear most types of armour.
You are amphibious.
You can wear up to eight rings at the same time.
Your skin changes colour to match your surroundings (Stealth+).
Your rubbery body absorbs attacks. (AC +1, EV +1)
((You are camouflaged when in or above water. (Stealth+)))
You have tentacles for arms and can constrict up to eight enemies at once.


Message History

The scorpion is lightly wounded.
A white imp comes into view.
The scorpion stings you.
a - a +0 falchion (weapon)
You closely miss the scorpion.
The white imp shouts!
The hound barks!
Your grab misses the scorpion.
The scorpion is lightly wounded.
You hear a shout!
The scorpion closely misses you. x2
An orc comes into view. It is wielding a +0 dagger.
You barely miss the scorpion.
The orc shouts!
Your grab misses the scorpion.
You squeeze the scorpion, but do no damage.
The scorpion is lightly wounded.
The scorpion stings you!
You barely miss the scorpion. You grab the scorpion.
You squeeze the scorpion, but do no damage.
The scorpion is lightly wounded.
You constrict the scorpion. The scorpion stings you.
You are lethally poisoned!
The scorpion poisons you! The scorpion barely misses you.
It was a potion of flight.
You feel very buoyant.
You fly up into the air.
You constrict the scorpion, but do no damage.
You feel very sick.
A phantom comes into view.
The scorpion stings you.
You are more poisoned.
The scorpion poisons you!
You hit the scorpion.
You squeeze the scorpion, but do no damage.
The scorpion is heavily wounded.
You constrict the scorpion, but do no damage.
* * * LOW HITPOINT WARNING * * *
You feel very sick. The scorpion stings you!
You die...

#...............##
#................#***********
'................+,,,,>,,,,,*
#................#****,****,*
#................# *,* *,*
#................#****+****,*
####.............#,,,,,,,,,,* #
#.............#,,,,,,,,,,* #
#......''##..@#,,,,,,,,,,*
####......#......sh.....,,,,*
..###'###.####..##o.....,,,**
..#.....#..,....#,.oo...,,,*
..#.♣.♣.#........,,.....,,,****
..#.._..#.....<.,,,..o5.,,,,,,*
###.♣.♣.#######.*,,,.#..,****,*
..#.....#,,,,,..,,,,..W.*****,*
..###+#######**,,,,,,,,,*,,,***


You could see a phantom, a scorpion, a hound, an orc wizard, a white imp and 3
orcs.

Vanquished Creatures
  An adder (D:5)
  A shadow imp (D:5)
  A dart slug (D:5)
3 creatures vanquished.

Notes
Turn   | Place    | Note
-------+----------+-------------------------------------------
     0 | D:5      | Esekla the Octopode Delver began the quest for the Orb.
     0 | D:5      | Reached XP level 1. HP: 16/16 MP: 1/1
    33 | D:5      | Reached skill level 7 in Stealth
    33 | D:5      | Reached XP level 2. HP: 18/21 MP: 2/2
    36 | D:5      | Found a stormy altar of Qazlal.
   155 | D:5      | Noticed a scorpion
   188 | D:5      | Found a bloodstained altar of Trog.
   264 | D:5      | Noticed a phantom
   265 | D:5      | Slain by a scorpion

Illustrated notes

Levels and vault maps discovered:
D:5:      layout_basic, kennysheep_little_box, grunt_dithmenos_shadows,
          bloody_trog

Skill      XL: |  1 |
---------------+----+-----
Stealth        | 7 |  7.2
Fighting       | |  3.1
Long Blades    | |  2.1
Dodging        | |  2.1
Spellcasting   | |  0.1

Action                     || total
---------------------------++-------
  Melee: Falchion          ||     9
         Tentacles         ||     4
         Constrict         ||     3
         Dagger            ||     2
    Use: Scroll            ||     1
         Potion            ||     1
   Stab: Sleeping          ||     1
 Armour: Skin              ||     1
  Dodge: Dodged            ||     6

Table legend: (Time is in decaauts)
 A = Elapsed time spent in this place.
 B = Non-inter-level travel time spent in this place.
 C = Inter-level travel time spent in this place.
 D = Time resting spent in this place.
 E = Time spent auto-exploring this place.
 F = Levels seen in this place.
 G = Mean time per level.
                   A        B        C        D        E       F      G
               +--------+--------+--------+--------+--------+-----+--------+
         Total |    265 |    265 |      0 |    100 |      0 |   1 |  265.0 |
       Dungeon |    265 |    265 |      0 |    100 |      0 |   1 |  265.0 |
               +--------+--------+--------+--------+--------+-----+--------+

Top non-repeatable levels by time:
     D:5: 265 daAuts
